 Dungeon Crawl Stone Soup version 0.17.2-1-ge4368a0 (webtiles) character file.

2 Goblin1989 the Insei (level 1, -2/18 HPs)
             Began as a Demonspawn Monk on May 5, 2017.
             Slain by a rat (3 damage)
             ... on level 1 of the Dungeon.
             The game lasted 00:01:25 (53 turns).

Goblin1989 the Insei (Demonspawn Monk)                Turns: 53, Time: 00:01:26

Health: -2/18      AC:  2    Str: 11    XL:     1   Next: 25%
Magic:  1/1        EV: 13    Int: 11    God:
Gold:   14         SH:  0    Dex: 15    Spells: 0 memorised, 0 levels left

rFire  . . .     SeeInvis .       - Unarmed
rCold  . . .     Clarity  .     a - +0 robe
rNeg   . . .     SustAt   .     (no shield)
rPois  .         Gourm    .     (no helmet)
rElec  .         Spirit   .     (no cloak)
rCorr  .         Warding  .     (no gloves)
rMut   .         Stasis   .     (no boots)
MR     .....                    (no amulet)
Stlth  ++........               (no ring)
                                (no ring)

@: not resistant to hostile enchantments, unstealthy
A: no striking features
a: no special abilities


You were on level 1 of the Dungeon.
You were not hungry.

You visited 1 branch of the dungeon, and saw 1 of its levels.

You collected 14 gold pieces.

Inventory:

Armour
 a - a +0 robe (worn)
Comestibles
 b - a royal jelly
 e - a bread ration {@e1}


   Skills:
 + Level 3.1 Fighting
 - Level 2.6 Dodging
 - Level 1.7 Stealth
 - Level 3.6 Unarmed Combat


You couldn't memorise any spells.
You didn't know any spells.

Dungeon Overview and Level Annotations

Branches:
Dungeon (1/15)

Altars:


Message History

The giant cockroach misses you.
You hit the giant cockroach but do no damage.
The giant cockroach is moderately wounded.
The giant cockroach barely misses you.
You closely miss the giant cockroach.
The giant cockroach is moderately wounded.
The giant cockroach bites you but does no damage.
You closely miss the giant cockroach.
The giant cockroach is moderately wounded.
The giant cockroach barely misses you.
You hit the giant cockroach.
The giant cockroach is severely wounded.
The giant cockroach bites you but does no damage.
Health restored: 18 You hit the giant cockroach.
You kill the giant cockroach!
No target in view!
No target in view!
No target in view!
No target in view!
No target in view!
You see here a whip.
You now have 14 gold pieces.
A goblin comes into view. It is wielding a dagger.
The goblin shouts!
A rat comes into view.
A rat comes into view.
A jackal comes into view.
The goblin barely misses you.
You barely miss the goblin.
The jackal barks!
The goblin hits you with a dagger.
You take 2 damage, and have 16/18 hp.
You closely miss the goblin. The goblin hits you but does no damage.
The rat closely misses you. 2 jackals come into view.
The jackal barks! x2
You hit the goblin.
The goblin is moderately wounded.
The jackal bites you. The rat barely misses you.
The jackal moves out of view.
The goblin barely misses you. The rat closely misses you.
You take 1 damage, and have 16/18 hp.
You barely miss the goblin.
The goblin is moderately wounded.
The rat misses you. The rat bites you. The goblin hits you but does no damage.
The jackal misses you.
You take 3 damage, and have 13/18 hp.
You hit the goblin but do no damage.
The goblin is moderately wounded.
The jackal bites you. The rat misses you. The jackal misses you.
The rat bites you but does no damage. The goblin closely misses you.
You take 2 damage, and have 11/18 hp.
You completely miss the goblin.
The goblin is moderately wounded.
The jackal bites you.
The jackal bites you but does no damage.
The rat barely misses you. The goblin barely misses you.
The rat barely misses you. The jackal barely misses you.
You take 2 damage, and have 9/18 hp.
The jackal barely misses you. The rat completely misses you.
The jackal completely misses you.
You see here 14 gold pieces.
The jackal closely misses you.
You closely miss the jackal. The jackal bites you.
* * * LOW HITPOINT WARNING * * *
The jackal closely misses you.
You take 3 damage, and have 6/18 hp.
You hit the jackal.
The jackal is moderately wounded.
The jackal barely misses you.
You barely miss the jackal.
The jackal is moderately wounded.
The jackal bites you.
* * * LOW HITPOINT WARNING * * *
You take 2 damage, and have 4/18 hp.
You closely miss the jackal.
The jackal is moderately wounded.
The jackal bites you but does no damage.
The jackal bites you.
* * * LOW HITPOINT WARNING * * *
You take 1 damage, and have 3/18 hp.
You hit the jackal.
The jackal is severely wounded.
The jackal closely misses you.
You hit the jackal.
The jackal is almost dead.
The jackal bites you but does no damage.
You closely miss the jackal.
The jackal is almost dead.
The jackal barely misses you. The jackal bites you.
* * * LOW HITPOINT WARNING * * *
You take 1 damage, and have 2/18 hp.
You hit the jackal.
You kill the jackal!
You closely miss the rat. The rat bites you.
* * * LOW HITPOINT WARNING * * *
You take 2 damage, and have 1/18 hp.
You barely miss the rat. The rat completely misses you.
You hit the rat but do no damage. Your punch misses the rat. The rat bites you.
You die... ████

█. █.. .. ...
█ █.██.█
███.█..█.█
....█..█@█
█...g█r█
████.█..█h█
........$.█
.███......█
....██....██
... ▲.....█ .
█...█.█
█...█.███▲███


You could see a jackal and a rat.

Vanquished Creatures
  A jackal (D:1)
  A giant cockroach (D:1)
2 creatures vanquished.

Notes
Turn   | Place    | Note
--------------------------------------------------------------
     0 | D:1      | Goblin1989 the Demonspawn Monk began the quest for the Orb.
     0 | D:1      | Reached XP level 1. HP: 18/18 MP: 1/1
    53 | D:1      | Slain by a rat

Action                   || total
-------------------------++-------
Melee: Unarmed           ||    24

Vault maps used:
D:1:      lightli_iron_boxes
